 Dungeon Crawl Stone Soup version 0.31-a0-740-g87205ac768 (webtiles) character file.

Game seed: 5048316060995280474

534 Newt the Trooper (level 7, -7/48 HPs)
             Began as a Gargoyle Fighter on Sept 12, 2023.
             Killed from afar by a white imp (13 damage)
             ... with a puff of frost
             ... summoned by Eustachio
             ... on level 4 of the Dungeon.
             The game lasted 00:04:26 (3517 turns).

Newt the Trooper (Gargoyle Fighter)                 Turns: 3517, Time: 00:04:26

Health: -7/48      AC: 16    Str: 20 (22) XL:     7   Next: 25%
Magic:  7/7        EV:  6    Int:  6 (8)  God:
Gold:   189        SH: 10    Dex:  6 (9)  Spells: 6/6 levels left

rFire   + + .        m - +1 whip (vamp)
rCold   x . .        k - +0 tower shield
rNeg    + . .        r - +1 fire dragon scales
rPois   ∞            e - +0 helmet
rElec   +            (no cloak)
rCorr   +            (no gloves)
SInv    .            (no boots)
Will    .....        (no amulet) Stlth
                     q - ring of resist corrosion
HPRegen 0.28/turn    (no ring)
MPRegen 0.10/turn

%: no passive effects
@: on berserk cooldown, slowed, very slow
A: sickness immunity, AC +4, negative energy resistance 1, electricity
resistance, torment resistance 1, petrification resistance
a: no special abilities


You were on level 4 of the Dungeon.
You visited 1 branch of the dungeon, and saw 4 of its levels.

You collected 189 gold pieces.

Inventory:

Hand Weapons
 a - a +0 flail
 m - a +1 vampiric whip (weapon)
Missiles
 d - 2 throwing nets
 j - 3 boomerangs
 l - 6 poisoned darts
Armour
 b - a +0 scale mail
 c - a +0 buckler
 e - a +0 helmet (worn)
 k - a +0 tower shield (worn)
 r - +1 fire dragon scales (worn)
Jewellery
 q - a ring of resist corrosion (left hand)
Wands
 n - a wand of iceblast (3)
Scrolls
 f - 3 scrolls of immolation
Potions
 h - a potion of brilliance
 o - a potion of cancellation {unknown}
 p - a potion of haste {unknown}
 s - a potion of mutation {unknown}


   Skills:
 + Level 7.0 Fighting
 - Level 4.0 Maces & Flails
 - Level 5.0 Armour
 - Level 3.2 Shields


You had 6 spell levels left.
You didn't know any spells.
Your spell library contained the following spells:

 Spells                   Type           Power      Damage    Failure   Level
 Static Discharge         Conj/Air       0%         2-2/arc   100%        2
 Airstrike                Air            0%         2d(0-16)  100%        4
 Summon Lightning Spire   Summ/Air       0%         N/A       100%        4


Dungeon Overview and Level Annotations

Branches:
Dungeon (4/15)
 Temple: D:4-7

Altars:
Nemelex Xobeh
Ru
Zin

Annotations:
D:4 Eustachio


Innate Abilities, Weirdness & Mutations

You are immune to sickness and miasma.
Your stone body is resilient. (AC +4)
You are immune to poison.
You resist negative energy. (rN+)
You are resistant to electric shocks. (rElec)
You are resistant to unholy torment.
You are immune to petrification.


Message History

The ufetubus hits you but does no damage. x2
The rat bites you but does no damage.
Eustachio mumbles some strange words.
The ufetubus barely misses you. The ufetubus hits you.
Unknown command.
Unknown command.
You barely miss Eustachio.
Eustachio is heavily wounded.
The ufetubus disappears in a puff of smoke!
The white imp gestures at you. The puff of frost hits you.
You feel a terrible chill! The rat bites you.
Eustachio hits you with a +0 falchion. You block the rat's attack.
Eustachio hits you with a +0 falchion.
* * * LOW HITPOINT WARNING * * *
Okay, then.
You barely miss Eustachio.
Eustachio is heavily wounded.
The quokka bites you but does no damage.
You block the white imp's attack. The rat bites you but does no damage.
Eustachio hits you with a +0 falchion.
* * * LOW HITPOINT WARNING * * *
The quokka barely misses you. The white imp gestures at you.
The puff of frost hits you but does no damage.
Unknown command.
You hit Eustachio.
Eustachio is severely wounded.
You block the rat's attack. You block Eustachio's attack.
You block the quokka's attack. The white imp barely misses you.
The rat bites you but does no damage. Eustachio hits you with a +0 falchion.
* * * LOW HITPOINT WARNING * * *
The quokka bites you but does no damage.
Unknown command.
Unknown command.
It was a potion of degeneration.
There was something very wrong with that liquid.
You feel weakened.
You feel dopey.
You feel clumsy. The white imp gestures at you. The puff of frost hits you!
You feel a terrible chill!
You die...

....>............#.......###...#
.....#.#.#.#####.+.......'.....+
.....#.#)#.#####.#.......###...#
.....#.#.#...............# ##
.....#.#.#######........)###
.....#.#.# #.##+##.....#
.....#.#.# #r##........#
.....#.#.# #r#####.....#
.....+.#.# #@# #....## .[...#.#
#....r5@...#....# (......#
#.....r....#....##### ##.#.#.#
##.........#....'...# #.#.#.#
#........(#....###.## #.#.#.#
.'.........#....#....## #.#.#.#
#.#..............#.....# #.#.#.#
#.#..(...........#...#.. #.#.#.#
##...####...##.


You could see Eustachio, a river rat (summoned), a white imp (summoned), 2
quokkas and a rat (summoned).

Vanquished Creatures
  A scorpion (D:4)
  3 orc priests
  2 hounds
  Terence (D:3)
  Jessica (D:3)
  3 orc wizards
  5 gnolls
  4 adders
  2 worms
  2 dart slugs
  16 orcs
  9 endoplasms
  A giant cockroach (D:2)
  9 goblins
  5 hobgoblins
  4 jackals (D:2)
  2 quokkas
  2 ball pythons
  7 bats
  2 frilled lizards (D:3)
  8 kobolds
  5 rats
94 creatures vanquished.

Notes
Turn   | Place    | Note
-------+----------+-------------------------------------------
     0 | D:1      | Newt the Gargoyle Fighter began the quest for the Orb.
     0 | D:1      | Reached XP level 1. HP: 14/14 MP: 1/1
   418 | D:1      | Reached XP level 2. HP: 20/20 MP: 2/2
   509 | D:1      | Reached skill level 4 in Fighting
  1160 | D:2      | Reached XP level 3. HP: 24/24 MP: 3/3
  1331 | D:2      | Reached skill level 5 in Fighting
  1432 | D:2      | Reached XP level 4. HP: 28/31 MP: 4/4
  1823 | D:2      | You fall into a shaft and drop 1 floor!
  2046 | D:3      | Found a glowing silver altar of Zin.
  2046 | D:3      | Found a sacrificial altar of Ru.
  2126 | D:3      | Found a sparkling altar of Nemelex Xobeh.
  2244 | D:3      | Reached XP level 5. HP: 19/35 MP: 5/5
  2602 | D:3      | Reached XP level 6. HP: 40/40 MP: 6/6
  2624 | D:3      | Reached skill level 5 in Armour
  2649 | D:3      | Noticed Jessica
  2663 | D:3      | Killed Jessica
  2706 | D:3      | Noticed Terence
  2730 | D:3      | Killed Terence
  3212 | D:4      | Reached skill level 6 in Fighting
  3320 | D:4      | Reached XP level 7. HP: 47/47 MP: 7/7
  3460 | D:4      | Noticed Eustachio
  3496 | D:4      | Reached skill level 7 in Fighting
  3517 | D:4      | Killed from afar by a white imp

Illustrated notes

Levels and vault maps discovered:
D:1:      sevenhm_arrival_forest_fort_small_6, layout_basic
D:2:      minmay_razor_zed, layout_rooms, amethyst_killhole
D:3:      layout_loops_corners, nemelex_dance_club_becter,
          gammafunk_temple_overflow_statue, uniq_terence, uniq_jessica
D:4:      layout_basic, mainiacjoe_overflow_swirl, nzn_wu_jian_contemplation,
          uniq_eustachio

Skill      XL: |  1  2  3  4  5  6  7 |
---------------+----------------------+-----
Fighting       | 4 5 6 7 |  7.0
Maces & Flails | 3 4 |  4.0
Armour         | 4 5 |  5.0
Shields        | |  3.2

Action                     |  1- 3 |  4- 6 |  7- 9 || total
---------------------------+-------+-------+-------++-------
  Melee: Flail             |    96 |    20 |       ||   116
         Whip              |       |   243 |    66 ||   309
  Throw: Dart              |       |       |     3 ||     3
  Evoke: Wand              |       |       |     1 ||     1
    Use: Scroll            |     2 |     1 |     2 ||     5
         Potion            |       |     3 |     2 ||     5
 Armour: Scale mail        |    73 |   121 |       ||   194
         Fire dragon scale |       |    30 |   128 ||   158
  Dodge: Dodged            |    41 |    51 |    60 ||   152
  Block: Buckler           |    24 |     1 |       ||    25
         Tower shield      |       |   131 |    97 ||   228

Table legend: (Time is in decaauts)
 A = Elapsed time spent in this place.
 B = Non-inter-level travel time spent in this place.
 C = Inter-level travel time spent in this place.
 D = Time resting spent in this place.
 E = Time spent auto-exploring this place.
 F = Levels seen in this place.
 G = Mean time per level.
                   A        B        C        D        E       F      G
               +--------+--------+--------+--------+--------+-----+--------+
         Total |   3629 |   3536 |     93 |    556 |   2112 |   4 |  907.2 |
       Dungeon |   3629 |   3536 |     93 |    556 |   2112 |   4 |  907.2 |
               +--------+--------+--------+--------+--------+-----+--------+

Top non-repeatable levels by time:
     D:3: 1328 daAuts
     D:1: 1174 daAuts
     D:2: 700 daAuts
     D:4: 426 daAuts
